 Dungeon Crawl Stone Soup version 0.16-a0-1970-g0967df0 (webtiles) character file.

95 thegroundistoosoft the Insei (level 4, -1/35 HPs)
             Began as a Mummy Monk on Nov 8, 2014.
             Slain by an adder (4 damage)
             ... on level 3 of the Dungeon.
             The game lasted 00:10:45 (2955 turns).

thegroundistoosoft the Insei (Mummy Monk)           Turns: 2955, Time: 00:10:46

Health: -1/35      AC:  1    Str: 14    XL:     4   Next: 40%
Magic:  4/4        EV: 13    Int:  9    God:
Gold:   80         SH:  0    Dex: 15    Spells: 0 memorised, 3 levels left

rFire  x . .     SeeInvis .       - Unarmed
rCold  + . .     Clarity  .     (no armour)
rNeg   + + +     SustAb   .     (no shield)
rPois  +         Gourm    .     (no helmet)
rElec  .         Spirit   .     b - +0 cloak
rCorr  .         Warding  .     (no gloves)
rMut   .         Stasis   .     (no boots)
MR     .....                    (no amulet)
Stlth  ++........               (no ring)
                                j - ring of invisibility

@: not resistant to hostile enchantments, unstealthy
A: no food or potions, fire vulnerability, restore body, cold resistance 1,
negative energy resistance 3, poison resistance, torment resistance, unbreathing
a: Evoke Invisibility


You were on level 3 of the Dungeon.
You were not hungry.

You visited 1 branch of the dungeon, and saw 3 of its levels.

You collected 80 gold pieces.


Innate Abilities, Weirdness & Mutations

You do not eat or drink.
Your flesh is vulnerable to fire.
Your flesh is cold resistant.
You are immune to negative energy.
Your system is resistant to poisons.
You are immune to unholy pain and torment.
You can survive without breathing.


   Skills:
 - Level 3.0 Fighting
 + Level 2.4 Dodging
 - Level 3.0 Stealth
 - Level 4.2 Unarmed Combat


You had 3 spell levels left.
You didn't know any spells.

Inventory:

Missiles
 d - 25 stones
Armour
 b - a +0 cloak (worn)
Jewellery
 j - a ring of invisibility (left hand)
Scrolls
 a - 5 scrolls of amnesia {unknown}
 c - a scroll of identify {unknown}
 e - a scroll of immolation {unknown}
 f - a scroll of magic mapping {unknown}
 h - a scroll of fear {unknown}
 i - a scroll of remove curse {unknown}
Comestibles
 g - a royal jelly (quivered)

Dungeon Overview and Level Annotations

Branches:
Dungeon (3/15)

Altars:
Okawaru

# ..... #...#
+...+ #...#
#+#####...#
+.....#...#
#.....#...#
#S@...'...+
#.....#...#
+.....#...#
#+#####...#### ###
#!.#...#..# #..
#..'...'..# #..
#####...#######..
...........##.....
..........##.#...


You could see an adder.


Message History

The adder bites you. x2
* * * LOW HITPOINT WARNING * * *
You closely miss the adder.
The adder is heavily wounded.
The adder barely misses you.
You closely miss the adder.
The adder is heavily wounded.
The adder barely misses you.
You closely miss the adder.
The adder is heavily wounded.
The adder bites you.
* * * LOW HITPOINT WARNING * * *
You hit the adder but do no damage.
The adder is heavily wounded.
The adder bites you.
* * * LOW HITPOINT WARNING * * *
Use which ability? (? or * to list)
You fail to use your ability.
The adder bites you but does no damage. x2
Use which ability? (? or * to list)
You fail to use your ability.
The adder bites you.
* * * LOW HITPOINT WARNING * * *
You miss the adder.
The adder is heavily wounded.
The adder closely misses you.
You hit the adder.
The adder is almost dead.
The adder bites you.
You die...

Action                   |  1- 3 |  4- 6 || total
-------------------------+-------+-------++-------
Melee: Unarmed           |   180 |    42 ||   222
 Stab: Sleeping          |     5 |     1 ||     6

Vault maps used:
D:1:      lemuel_arrival_lava_pool, hangedman_decor_points
D:2:      wad_lake_hut, interstate_on_off, okawaru_ov_weapons_minmay
D:3:      kiku_gazebo_garden_becter, grunt_temple_overflow_open,
          minmay_snake_closets

Notes
Turn   | Place    | Note
--------------------------------------------------------------
     0 | D:1      | thegroundistoosoft, the Mummy Monk, began the quest for the Orb.
     0 | D:1      | Reached XP level 1. HP: 18/18 MP: 1/1
   190 | D:1      | Reached XP level 2. HP: 18/24 MP: 2/2
  1021 | D:2      | Found an iron altar of Okawaru.
  1149 | D:2      | Reached skill level 4 in Unarmed Combat
  1360 | D:2      | Reached XP level 3. HP: 27/29 MP: 3/3
  1798 | D:2      | Reached skill level 2 in Stealth
  2548 | D:2      | Reached XP level 4. HP: 35/35 MP: 4/4
  2806 | D:3      | thegroundistoosoft: art thou ready
  2910 | D:3      | thegroundistoosoft: the rules are no magic nor other silly things like evocables
  2910 | D:3      | thegroundistoosoft: except evocable gear
  2914 | D:3      | Artagel: the rules
  2917 | D:3      | Reached skill level 3 in Stealth
  2919 | D:3      | Artagel: for a scummy mumyy
  2919 | D:3      | Artagel: mummy*
  2919 | D:3      | Artagel: :D
  2919 | D:3      | thegroundistoosoft: the mummiest
  2927 | D:3      | thegroundistoosoft: I bet they changed the stealth words or something
  2927 | D:3      | thegroundistoosoft: goddamn
  2927 | D:3      | thegroundistoosoft: I guess two pips is k
  2953 | D:3      | HP: 2/35 [adder (3)]
  2954 | D:3      | thegroundistoosoft: thinking about it I really have to look at things
  2955 | D:3      | Slain by an adder

Vanquished Creatures
  4 adders
  A worm (D:3)
  2 giant geckos (D:2)
  An ooze (D:3)
  2 ball pythons
  2 bats
  3 giant cockroaches
  4 hobgoblins
  A quokka (D:2)
  3 giant newts
  4 goblins
  7 jackals
  8 kobolds
  6 rats
48 creatures vanquished.
